 Dungeon Crawl Stone Soup version 0.22-a0-433-gd2a9cce (webtiles) character file.

65 Gorice the Slasher (level 3, 0/27 HPs)
             Began as a Demonspawn Wanderer on May 28, 2018.
             Slain by a centaur (4 damage)
             ... on level 3 of the Dungeon.
             The game lasted 00:06:45 (1644 turns).

Gorice the Slasher (Demonspawn Wanderer)            Turns: 1644, Time: 00:06:45

Health: 0/27       AC: 14    Str: 13    XL:     3   Next: 92%
Magic:  0/3        EV:  5    Int: 12    God:
Gold:   115        SH:  0    Dex: 13    Spells: 2/2 levels left

rFire    . . .     SeeInvis .   a - +0 falchion
rCold    . . .     Gourm    .   (no shield)
rNeg     . . .     Faith    .   d - +0 chain mail
rPois    .         Spirit   +   (no helmet)
rElec    .         Reflect  .   (no cloak)
rCorr    .         Harm     .   (no gloves)
MR       .....                  (no boots)
Stlth    ..........             (no amulet)
HPRegen  0.09/turn              (no ring)
MPRegen  0.08/turn              (no ring)

@: sanguine armour
A: magic shield, sanguine armour 1
a: no special abilities


You were on level 3 of the Dungeon.
You were not hungry.

You visited 1 branch of the dungeon, and saw 3 of its levels.

You collected 115 gold pieces.

Inventory:

Hand Weapons
 a - a +0 falchion (weapon)
 b - a +0 shortbow
 g - a +0 dagger
 B - a +2 blowgun
Missiles
 c - 2 curare-tipped needles
 e - 14 arrows
 k - 8 tomahawks (quivered)
 Y - 48 stones
Armour
 d - a +0 chain mail (worn)
 f - a +0 robe
 q - a +0 ring mail
Scrolls
 p - a scroll of teleportation {!r}
Potions
 i - a potion of haste {!q}
 l - a potion of cancellation {unknown}
 m - 2 potions of curing {unknown}
 n - a potion of brilliance {unknown}
Comestibles
 h - 5 rations
 j - 2 chunks of flesh


   Skills:
 - Level 2.0 Fighting
 * Level 3.3 Long Blades
 - Level 1.0 Bows
 - Level 1.7 Throwing
 - Level 1.7 Armour
 - Level 2.6 Stealth


You had 2 spell levels left.
You didn't know any spells.
Your spell library was empty.

Dungeon Overview and Level Annotations

Branches:
Dungeon (3/15)

Altars:


Innate Abilities, Weirdness & Mutations

When hurt, damage is shared between your health and your magic reserves.
When seriously injured, your bleeding wounds create armour. (AC +6)


Message History

You shoot an arrow.
The arrow hits the bat but does no damage.
The bat hits you but does no damage.
Firing (i - inventory. (/) - cycle)
e - 13 arrows (quivered)
Press: ? - help, Shift-Dir - straight line, f/p - bat
Aim: a bat You shoot an arrow.
The arrow closely misses the bat.
The bat hits you but does no damage.
Firing (i - inventory. (/) - cycle)
e - 12 arrows (quivered)
Press: ? - help, Shift-Dir - straight line, f/p - bat
Aim: a bat You shoot an arrow.
The arrow closely misses the bat.
The bat hits you but does no damage.
Firing (i - inventory. (/) - cycle)
e - 11 arrows (quivered)
Press: ? - help, Shift-Dir - straight line, f/p - bat
Aim: a bat You shoot an arrow.
The arrow hits the bat.
You kill the bat!
e - 11 arrows (gained 1)
Found 23 arrows.
e - 12 arrows (gained 1)
e - 14 arrows (gained 2)
A centaur comes into view.
The centaur shouts!
The centaur wields a shortbow.
The centaur shoots an arrow.
The arrow hits you!
Your blood congeals into armour.
Damage: 11 (max 11)
The centaur shoots an arrow.
The arrow hits you!
* * * LOW HITPOINT WARNING * * *
Found a scroll of identify.
The centaur shoots an arrow.
The arrow hits you.
* * * LOW HITPOINT WARNING * * *
The centaur shoots an arrow.
The arrow hits you but does no damage.
You see here 2 arrows.
Damage: 10 (max 11) Unknown command.
a - a +0 falchion (weapon)
You start resting.
The centaur is too close now for your liking.
The centaur unwields an uncursed shortbow.
The centaur barely misses you.
You riposte.
You barely miss the centaur. You hit the centaur.
The centaur is lightly wounded.
The centaur hits you but does no damage. x2
You hit the centaur but do no damage.
The centaur is lightly wounded.
The centaur hits you.
* * * LOW HITPOINT WARNING * * *
The centaur hits you.
You die...

# #.....# ## .....#
.#############....c#
...##............(?#
##.#..#########....#
.....## #....# ..#...##
#....# #.###..###
#c####### .........####
#.@.....#
......##....###.......#
##....#####...........#
#....# ####........#
###### ##.......#
#.......# #.......#
#########


You could see a centaur.

Vanquished Creatures
  An adder (D:3)
  An ooze (D:1)
  A worm (D:2)
  2 dart slugs
  5 bats
  3 giant cockroaches
  5 hobgoblins
  3 jackals (D:1)
  2 quokkas (D:2)
  3 frilled lizards
  8 goblins
  8 rats
42 creatures vanquished.

Notes
Turn   | Place    | Note
-------+----------+-------------------------------------------
     0 | D:1      | Gorice the Demonspawn Wanderer began the quest for the Orb.
     0 | D:1      | Gorice set off with: 2 curare-tipped needles, a +2 blowgun, a +0 falchion, a +0 shortbow, 26 arrows, a +0 robe, a +0 dagger, a ration
     0 | D:1      | Reached XP level 1. HP: 16/16 MP: 1/1
    36 | D:1      | Reached skill level 1 in Long Blades
   155 | D:1      | Gained mutation: When hurt, damage is shared between your health and your magic reserves. [demonic ancestry]
   155 | D:1      | Reached XP level 2. HP: 22/22 MP: 2/2
   194 | D:1      | Reached skill level 2 in Long Blades
   476 | D:1      | Gained mutation: When seriously injured, your bleeding wounds create armour. (AC +6) [demonic ancestry]
   476 | D:1      | Reached XP level 3. HP: 27/27 MP: 3/3
  1256 | D:2      | Reached skill level 3 in Long Blades
  1635 | D:3      | Noticed a centaur
  1637 | D:3      | HP: 6/27 [centaur/arrow (3)]
  1644 | D:3      | HP: 4/27 [centaur (2)]
  1644 | D:3      | Slain by a centaur

Vault maps used:
D:1:      dpeg_arrival_pits
D:3:      chequers_ecumenical_altar_simple_redux

Skill      XL: |  1  2  3 |
---------------+----------+-----
Long Blades    | 1 2 3 |  3.3
Fighting       | |  2.0
Bows           | |  1.0
Throwing       | |  1.7
Armour         | |  1.7
Stealth        | |  2.6

Action                   || total
-------------------------++-------
Melee: Falchion          ||    24
 Fire: Shortbow          ||    85
  Use: Scroll            ||     5
  Eat: Chunk             ||     2
Armor: Robe              ||     3
       Ring mail         ||     7
       Chain mail        ||     6
Dodge: Dodged            ||    26
       Rpst.: Falchion   ||     8

Table legend:
 A = Spawn XP
 B = Non-spawn XP
 C = Spawn XP percentage of total XP
 D = Spawn monster count
 E = Non-spawn monster count
 F = Spawn count percentage of total count
 G = Total turns spent on level
                    A         B        C        D         E        F      G
               +---------+---------+-------+---------+---------+-------+---------
         Total |       0 |      93 |   0.0 |       0 |      42 |   0.0 |  1644
               +---------+---------+-------+---------+---------+-------+---------
           D:1 |       0 |      45 |   0.0 |       0 |      23 |   0.0 |   761
           D:2 |       0 |      34 |   0.0 |       0 |      17 |   0.0 |   807
           D:3 |       0 |      14 |   0.0 |       0 |       2 |   0.0 |    76
               +---------+---------+-------+---------+---------+-------+---------

Table legend:
 A = Turns spent in this place as a percentage of turns spent in the entire game.
 B = Non-inter-level travel turns spent in this place as a percentage of non-inter-level travel turns spent in the entire game.
 C = Inter-level travel turns spent in this place as a percentage of turns spent in this place.
 D = Turns resting spent in this place as a percentage of non-inter-level travel turns spent in this place.
 E = Turns spent auto-exploring this place as a percentage of non-inter-level travel turns spent in this place.
 F = Non-inter-level travel turns spent in this place divided by the number of levels of this place that you've seen.
                   A       B       C       D       E      F
               +-------+-------+-------+-------+-------+----------------------
         Total | 100.0 | 100.0 |   1.2 |   0.3 |  61.2 | 541.3
       Dungeon | 100.0 | 100.0 |   1.2 |   0.3 |  61.2 | 541.3
               +-------+-------+-------+-------+-------+----------------------

Vault maps used:
D:1:      dpeg_arrival_pits
D:3:      chequers_ecumenical_altar_simple_redux
